 Dungeon Crawl Stone Soup version 0.24.0-13-gcf9b3192b9 (webtiles) character file.

Game seed: 14438060660638766742, levelgen mode: deterministic

128 Alabard the Caller (level 5, -2/28 HPs)
             Began as a Tengu Summoner on Nov 9, 2019.
             Killed from afar by an orc wizard (4 damage)
             ... with a magic dart
             ... on level 3 of the Dungeon.
             The game lasted 00:09:47 (3300 turns).

Alabard the Caller (Tengu Summoner)                 Turns: 3300, Time: 00:09:49

Health: -2/28      AC:  3    Str:  9    XL:     5   Next: 12%
Magic:  1/10       EV: 13    Int: 16    God:
Gold:   179        SH:  0    Dex: 14    Spells: 6/9 levels left

rFire    . . .     SeeInvis .   d - +0 short sword
rCold    . . .     Gourm    .   (no shield)
rNeg     . . .     Faith    .   a - +0 robe
rPois    .         Spirit   .   (helmet restricted)
rElec    .         Reflect  .   m - +0 cloak
rCorr    .         Harm     .   (no gloves)
MR       .....                  (boots unavailable)
Stlth    ++........             (no amulet)
HPRegen  0.09/turn              (no ring)
MPRegen  0.12/turn              (no ring)

@: no status effects
A: beak, talons 3, able to fly
a: Fly


You were on level 3 of the Dungeon.
You were very hungry.

You visited 1 branch of the dungeon, and saw 3 of its levels.

You collected 179 gold pieces.

Inventory:

Hand Weapons
 d - a +0 short sword (weapon)
Missiles
 q - 2 poisoned darts (quivered)
Armour
 a - a +0 robe (worn)
 m - a +0 cloak (worn)
Wands
 p - a wand of flame (15)
Scrolls
 b - 4 scrolls of identify {unknown}
 e - a scroll of random uselessness {unknown}
 f - a scroll of enchant armour {unknown}
 g - a scroll of enchant weapon {unknown}
 i - 3 scrolls of remove curse {unknown}
 j - 2 scrolls of immolation {unknown}
 k - a scroll of fear {unknown}
 l - 3 scrolls of teleportation {unknown}
 n - a scroll of blinking {unknown}
 r - a scroll of amnesia {unknown}
 s - a scroll of fog {unknown}
Potions
 h - a potion of flight
Comestibles
 c - 4 rations


   Skills:
 + Level 3.4 Dodging
 + Level 3.2 Stealth
 + Level 2.8 Spellcasting
 + Level 5.5 Summonings


You had 6 spell levels left.
You knew the following spells:

 Your Spells              Type           Power        Failure   Level  Hunger
a - Summon Small Mammal   Summ           ###.         1%          1    #......
b - Call Imp              Summ           ###.....     3%          2    ##.....

Your spell library contained the following spells:

 Spells                   Type           Power        Failure   Level  Hunger
 Call Canine Familiar     Summ           ###.....     6%          3    ###....
 Summon Guardian Golem    Hex/Summ       ##......     19%         3    ###....
 Summon Ice Beast         Ice/Summ       ##......     52%         4    #####..
 Summon Lightning Spire   Summ/Air       ##......     52%         4    #####..


Dungeon Overview and Level Annotations

Branches:
Dungeon (3/15)

Altars:
Ru
Vehumet


Innate Abilities, Weirdness & Mutations

You have a beak for a mouth.
You have claws for feet.
You can fly continuously.


Message History

Something hits you but does no damage.
Your white imp hits something but does no damage.
Something hits you but does no damage.
Your white imp closely misses something.
Your crimson imp disappears in a puff of smoke!
Something hits you but does no damage.
Your white imp misses something.
Your white imp disappears in a puff of smoke!
Something hits you but does no damage.
Your crimson imp blinks!
Something hits you.
* * * LOW HITPOINT WARNING * * *
Something hits you but does no damage. Something hits you but does no damage.
You closely miss something.
You feel less wooden.
Your +0 cloak unmelds from your body.
Your +0 robe unmelds from your body.
You hear some strange, mumbled words.
A magic dart appears from out of thin air!
The magic dart hits you.
You die...

#.# #.# #########.# ###
#.......#.# #..
#.#####.#.######.. #.#
#....#......
#.#####......###..
#..........#.# #..
#@.#.#.......# ###
#){#....#.#### # ###
#5.####.#.# ### o.
#.......#'## #.. #.
##.#####...## #.# #.###)#
##.....## #.#
###..##)###.......###.#
#....o..##.........##.#
#...........+.........'...


You could see a friendly crimson imp.

Vanquished Creatures
  Robin (D:2)
  An ooze (D:1)
  2 dart slugs
  3 giant cockroaches
  6 goblins (D:2)
  9 hobgoblins
  4 jackals (D:2)
  A quokka (D:2)
  3 ball pythons
  7 bats
  3 frilled lizards
  4 kobolds
  6 rats
50 creatures vanquished.

Vanquished Creatures (collateral kills)
  An orc wizard (D:3)
  Natasha (D:2)
  An adder (D:2)
  A worm (D:2)
  2 orcs (D:3)
  A bat (D:2)
  2 goblins (D:2)
  A hobgoblin (D:2)
  2 jackals (D:2)
  A kobold (D:2)
  A rat (D:2)
14 creatures vanquished.

Grand Total: 64 creatures vanquished

Notes
Turn   | Place    | Note
-------+----------+-------------------------------------------
     0 | D:1      | Alabard the Tengu Summoner began the quest for the Orb.
     0 | D:1      | Reached XP level 1. HP: 10/10 MP: 4/4
   635 | D:1      | Reached XP level 2. HP: 15/15 MP: 6/6
   646 | D:1      | Reached skill level 5 in Summonings
  1109 | D:1      | Learned a level 2 spell: Call Imp
  1147 | D:2      | Reached XP level 3. HP: 19/19 MP: 7/7
  1200 | D:2      | Noticed Robin
  1227 | D:2      | Killed Robin
  1956 | D:2      | Found a radiant altar of Vehumet.
  1973 | D:2      | Reached XP level 4. HP: 15/24 MP: 3/8
  2275 | D:2      | Noticed Natasha
  2355 | D:2      | Killed Natasha
  2998 | D:3      | Found a sacrificial altar of Ru.
  3283 | D:3      | HP: 1/24 [something (2)]
  3289 | D:3      | Gained mutation: You can fly continuously. [Tengu growth]
  3289 | D:3      | Reached XP level 5. HP: 3/28 MP: 0/10
  3300 | D:3      | Killed from afar by an orc wizard

Levels and vault maps discovered:
D:1:      lemuel_arrival_broad_hall, layout_loops_corners, serial_bayou,
          serial_bayou_lake_a, serial_bayou_pond_d, serial_bayou_pond_a,
          serial_bayou_pond_e
D:2:      kennysheep_big_flooded_room, layout_loops_cross, vehumet_crystals,
          uniq_natasha, uniq_robin
D:3:      layout_loops_corners, nicolae_ru_the_path_less_chosen, first_ration

Skill      XL: |  1  2  3  4 |
---------------+-------------+-----
Summonings     | 5 |  5.5
Dodging        | 3 |  3.4
Stealth        | 3 |  3.2
Spellcasting   | |  2.8

Action                   |  1- 3 |  4- 6 || total
-------------------------+-------+-------++-------
Melee: Short sword       |   110 |    43 ||   153
       Kick              |    26 |     8 ||    34
       Peck              |    16 |     3 ||    19
       Whip              |     2 |       ||     2
 Cast: Summon Small Mamm |     9 |       ||     9
       Call Imp          |       |    14 ||    14
  Use: Potion            |     4 |     2 ||     6
 Stab: Sleeping          |     8 |     3 ||    11
  Eat: Chunk             |     3 |     1 ||     4
       Ration            |       |     1 ||     1
Armor: Robe              |    14 |     5 ||    19
       Skin              |       |    16 ||    16
Dodge: Dodged            |   117 |    37 ||   154
